 Dungeon Crawl Stone Soup version 0.29-a0-872-g797fff5ad1 (webtiles) character file.

Game seed: 3444084268090223351

3 zeratav the Stinger (level 1, 0/11 HPs)
             Began as an Octopode Venom Mage on July 19, 2022.
             Slain by a quokka (2 damage)
             ... on level 1 of the Dungeon.
             The game lasted 00:00:17 (313 turns).

zeratav the Stinger (Octopode Venom Mage)            Turns: 313, Time: 00:00:18

Health: 0/11       AC:  1    Str:  7    XL:     1   Next: 50%
Magic:  2/3        EV: 13    Int: 17    God:
Gold:   38         SH:  0    Dex: 12    Spells: 3/4 levels left

rFire   . . .      SeeInvis .   d - +0 whip {mace}
rCold   . . .      Faith    .   (no shield)
rNeg    . . .      Spirit   .   (helmet restricted)
rPois   .          Reflect  .   (no amulet)
rElec   .          Harm     .   (no ring)
rCorr   .          Rampage  .   (no ring)
Will    .....                   (no ring)
Stlth   +++.......              (no ring)
HPRegen 0.03/turn               (no ring)
MPRegen 0.08/turn               (no ring)
                                (no ring)
                                (no ring)

@: no status effects
A: almost no armour, amphibious, 8 rings, camouflage 1, gelatinous body 1,
(nimble swimmer 1), tentacles
a: no special abilities


You were on level 1 of the Dungeon.
You visited 1 branch of the dungeon, and saw 1 of its levels.

You collected 38 gold pieces.


Innate Abilities, Weirdness & Mutations

You cannot wear most types of armour.
You are amphibious.
You can wear up to eight rings at the same time.
Your skin changes colour to match your surroundings (Stealth+).
Your rubbery body absorbs attacks. (AC +1, EV +1)
((You are camouflaged when in or above water. (Stealth+)))
You have tentacles for arms and can constrict up to eight enemies at once.


   Skills:
 - Level 2.0 Dodging
 + Level 3.0 Stealth
 - Level 2.0 Spellcasting
 - Level 1.0 Transmutations
 + Level 3.8 Poison Magic


You had 3 spell levels left.
You knew the following spells:

 Your Spells              Type           Power      Damage    Failure   Level
a - Sting                 Tmut/Pois      36%        1d4       8%          1

Your spell library contained the following spells:

 Spells                   Type           Power      Damage    Failure   Level
 Poisonous Vapours        Pois/Air       16%        N/A       14%         2
 Mephitic Cloud           Conj/Pois/Air  6%         N/A       34%         3
 Olgreb's Toxic Radiance  Pois           14%        N/A       38%         4

Inventory:

Hand Weapons
 d - a +0 whip (weapon) {mace}
   (You took it off a kobold on level 1 of the Dungeon)
Scrolls
 b - a scroll of enchant armour {unknown}
 c - a scroll of magic mapping {unknown}
 f - a scroll of identify {unknown}
Potions
 a - a potion of magic
 e - a potion of haste {unknown}

Dungeon Overview and Level Annotations

Branches:
Dungeon (1/15) Zot: 5685

Altars:

##.# #..# ### #.## #.#
#.# #### ####.###.#
...####......#.###
....##...........#
##..##..##.......##
.#..##..##......@.##
.#..##..##......rb....#
##..##..##.......######
##......##........#
###....###........#
###### ###........
######### ##....>...
........# #......>.
###...### .......


You could see a quokka and a bat.


Message History

MP[-1]
You lost 1 mp, and now have 2/3 mp.
You can't see any susceptible monsters within range! (Use Z to cast anyway.)
You can't see any susceptible monsters within range! (Use Z to cast anyway.)
A kobold is nearby!
The sting hits the kobold.
The kobold is poisoned.
You kill the kobold!
Your Stealth skill increases to level 3!
MP[-1]
You lost 1 mp, and now have 1/3 mp.
You can't see any susceptible monsters within range! (Use Z to cast anyway.)
You can't see any susceptible monsters within range! (Use Z to cast anyway.)
d - a +0 whip {mace} You see here a kobold corpse.
MP[+2]
Your mp is fully restored (3).
d - a +0 whip (weapon)
{mace} You now have 18 gold pieces (gained 8).
You see here a +0 leather armour.
You now have 29 gold pieces (gained 11).
e - a puce potion
Found a stone staircase leading down.
f - a scroll labelled FUXTAI DUMOAR You now have 38 gold pieces (gained 9).
A quokka and a bat come into view.
There are monsters nearby!
There are monsters nearby!
Found an escape hatch in the floor.
The bat hits you.
HP[-1]
You take 1 damage, and now have 10/11 hp.
You hit the bat but do no damage. Your grab misses the bat.
Your squeeze misses the bat. The bat completely misses you.
The bat closely misses you.
You hit the bat but do no damage. Your grab misses the bat.
The bat hits you but does no damage. The bat barely misses you.
HP[+1]
Your hp is fully restored (11).
You hit the bat but do no damage. Your grab misses the bat. The bat misses you.
The bat closely misses you. The bat misses you. The bat barely misses you.
The bat barely misses you. The bat hits you.
HP[-1]
You take 1 damage, and now have 10/11 hp.
The bat misses you. The bat hits you but does no damage.
You closely miss the bat. Your grab misses the bat. The bat hits you.
HP[-1]
You take 1 damage, and now have 9/11 hp.
The bat barely misses you. The bat hits you.
HP[-1]
You take 1 damage, and now have 8/11 hp.
You miss the bat. Your grab misses the bat.
The bat hits you but does no damage. x2
You miss the bat. Your grab misses the bat. The bat hits you.
HP[-1]
You take 1 damage, and now have 7/11 hp.
You completely miss the bat. You grab the bat. You constrict the bat.
The bat hits you but does no damage.
The bat struggles to escape constriction.
The bat escapes!
The quokka twitches its whiskers.
The quokka barely misses you.
You barely miss the quokka. Your grab misses the quokka.
You squeeze the quokka. The bat barely misses you.
The quokka closely misses you.
You closely miss the quokka. Your grab misses the quokka.
Your squeeze misses the quokka. The bat closely misses you.
The quokka bites you.
* * * LOW HITPOINT WARNING * * *
You are too injured to fight recklessly!
HP[-5]
You take 5 damage, and now have 2/11 hp.
MASSIVE DAMAGE!! (PAUSE)
You are too injured to fight recklessly!
You are too injured to fight recklessly!
You are too injured to fight recklessly!
You are too injured to fight recklessly!
You are too injured to fight recklessly!
You are too injured to fight recklessly!
You are too injured to fight recklessly!
You are too injured to fight recklessly!
You are too injured to fight recklessly!
You are too injured to fight recklessly!
You are too injured to fight recklessly!
You are too injured to fight recklessly!
You are too injured to fight recklessly!
You are too injured to fight recklessly!
You are too injured to fight recklessly!
You are too injured to fight recklessly!
You are too injured to fight recklessly!
You are too injured to fight recklessly!
Casting: Sting (safe; 8% risk of failure)
Confirm with . or Enter, or press ? or * to list all spells.
Aiming: Sting (safe; 8% risk of failure)
Press: ? - help, Shift-Dir - straight line, f - bat
Aim: a bat (52% to hit)
The sting misses the bat.
The bat closely misses you. The bat hits you but does no damage.
The quokka bites you.
You die...

Skill      XL: |  1 |
---------------+----+-----
Stealth        | 3 |  3.0
Dodging        | |  2.0
Spellcasting   | |  2.0
Transmutations | |  1.0
Poison Magic   | |  3.8

Action                   || total
-------------------------++-------
Melee: Whip              ||     9
       Unarmed           ||     3
       Constrict         ||     3
       Tentacles         ||     1
 Cast: Sting             ||     6
Armor: Skin              ||     6
Dodge: Dodged            ||    18

Levels and vault maps discovered:
D:1:      minmay_arrival_wavy_path, layout_rooms,
          chequers_ecumenical_altar_simple

Notes
Turn   | Place    | Note
-------+----------+-------------------------------------------
     0 | D:1      | zeratav the Octopode Venom Mage began the quest for the
                  | Orb.
     0 | D:1      | Reached XP level 1. HP: 11/11 MP: 3/3
     0 | D:1      | magus.rc [v1.9.6]
   126 | D:1      | Found a faded altar of an unknown god.
   137 | D:1      | Reached skill level 3 in Stealth
   312 | D:1      | HP: 2/11 [quokka (5)]
   313 | D:1      | Slain by a quokka

Vanquished Creatures
  A kobold (D:1)
  A bat (D:1)
  2 rats (D:1)
4 creatures vanquished.

Table legend:
 A = Non-vault XP
 B = Vault XP
 C = Vault XP percentage of total XP
 D = Non-vault monster count
 E = Vault monster count
 F = Vault count percentage of total count
                 A         B        C        D         E       F
            +---------+---------+-------+---------+---------+-------
      Total |       5 |       0 |   0.0 |       4 |       0 |   0.0
            +---------+---------+-------+---------+---------+-------
        D:1 |       5 |       0 |   0.0 |       4 |       0 |   0.0
            +---------+---------+-------+---------+---------+-------

Illustrated notes

Table legend:
 A = Kills in this place as a percentage of kills in entire the game.
 B = Kills by you in this place as a percentage of kills by you in the entire game.
 C = Kills by friends in this place as a percentage of kills by friends in the entire game.
 D = Other kills in this place as a percentage of other kills in the entire game.
 E = Experience gained in this place as a percentage of experience gained in the entire game.
 F = Experience gained in this place divided by the number of levels of this place that you have seen.
                   A       B       C       D       E      F
               +-------+-------+-------+-------+-------+----------------------
         Total | 100.0 | 100.0 |   N/A |   N/A | 100.0 |   5.0
       Dungeon | 100.0 | 100.0 |   N/A |   N/A | 100.0 |   5.0
               +-------+-------+-------+-------+-------+----------------------

Table legend: (Time is in decaauts)
 A = Elapsed time spent in this place.
 B = Non-inter-level travel time spent in this place.
 C = Inter-level travel time spent in this place.
 D = Time resting spent in this place.
 E = Time spent auto-exploring this place.
 F = Levels seen in this place.
 G = Mean time per level.
                   A        B        C        D        E       F      G
               +--------+--------+--------+--------+--------+-----+--------+
         Total |    313 |    313 |      0 |      0 |    266 |   1 |  313.0 |
       Dungeon |    313 |    313 |      0 |      0 |    266 |   1 |  313.0 |
               +--------+--------+--------+--------+--------+-----+--------+

Top non-repeatable levels by time:
     D:1: 313 daAuts
